 Dungeon Crawl Stone Soup version 0.27-a0-70-g58928b186a (webtiles) character file.

Game seed: 10507938388899896505

105 Morbidden the Ducker (level 4, -2/41 HPs)
             Began as a Troll Artificer on Jan 10, 2021.
             Slain by Crazy Yiuf
             ... wielding a +4 quarterstaff of chaos
              (7 damage)
             ... on level 2 of the Dungeon.
             The game lasted 00:01:59 (1963 turns).

Morbidden the Ducker (Troll Artificer)              Turns: 1963, Time: 00:02:00

Health: -2/41      AC:  6    Str: 20    XL:     4   Next: 53%
Magic:  3/3        EV: 10    Int:  8    God:
Gold:   79         SH:  0    Dex: 10    Spells: 3/3 levels left

rFire    . . .     SeeInvis .     - Unarmed
rCold    . . .     Faith    +   (no shield)
rNeg     . . .     Spirit   .   b - +0 robe
rPois    .         Reflect  .   (helmet restricted)
rElec    .         Harm     .   (no cloak)
rCorr    .         Rampage  .   (gloves unavailable)
Will     .....                  (boots unavailable)
Stlth    +.........             f - amulet of faith
HPRegen  0.53/turn              (no ring)
MPRegen  0.08/turn              (no ring)

@: lethally poisoned (-2 -> -8)
A: large, unfitting armour, claws 3, regeneration 1, shaggy fur 1, tough skin 3
a: no special abilities


You were on level 2 of the Dungeon.
You visited 1 branch of the dungeon, and saw 2 of its levels.

You collected 79 gold pieces.

Inventory:

Missiles
 i - 35 stones
Armour
 b - a +0 robe (worn)
Jewellery
 f - an amulet of faith (around neck)
Wands
 c - a wand of flame (15)
 d - a wand of enslavement (15)
 e - a wand of random effects (13) (quivered)
Scrolls
 a - a scroll of teleportation {unknown}
 h - 2 scrolls of identify {unknown}
 j - a scroll of magic mapping {unknown}
Potions
 g - 2 potions of resistance {unknown}


   Skills:
 * Level 1.5 Fighting
 * Level 3.2 Dodging
 + Level 0.4 Stealth
 + Level 1.1 Unarmed Combat
 * Level 0.4 Spellcasting
 + Level 2.4 Evocations


You had 3 spell levels left.
You didn't know any spells.
Your spell library was empty.

Dungeon Overview and Level Annotations

Branches:
Dungeon (2/15)

Altars:
Sif Muna

Annotations:
D:2 Crazy Yiuf


Innate Abilities, Weirdness & Mutations

You are too large for most types of armour.
You have claws for hands.
Your natural rate of healing is unusually fast.
You are covered in fur. (AC +1)
You have extremely tough skin. (AC +3)


Message History

Crazy Yiuf is almost dead.
You feel sick.
Crazy Yiuf drinks a potion.
Crazy Yiuf is healed!
Unknown command.
You closely miss Crazy Yiuf.
You feel sick.
Crazy Yiuf says, "Whippet snockshim tortoise!"
Crazy Yiuf hits you with a +4 quarterstaff of chaos!
Crazy Yiuf freezes you.
Unknown command.
You scratch Crazy Yiuf but do no damage.
You feel sick.
Crazy Yiuf hits you with a +4 quarterstaff of chaos.
* * * LOW HITPOINT WARNING * * *
Crazy Yiuf freezes you.
* * * LOW HITPOINT WARNING * * *
You scratch Crazy Yiuf.
Crazy Yiuf is lightly wounded.
* * * LOW HITPOINT WARNING * * *
You feel sick.
Crazy Yiuf hits you with a +4 quarterstaff of chaos!
You die...

###.###...####....#
..........# ##..##
###.###...## ♣PP..♣
###.###....# ♣...♣♣
..#........# ♣♣.♣♣
..#####.#### ♣.♣♣
......#.# ♣♣.♣
...<..#.# ♣.♣♣
..[...#.#### ♣♣@♣
......#....# #g#
......>....# ...
..#........# #...#
..#........# #..)#
..#........# #####
..#........#
...........####
..............#


You could see Crazy Yiuf.

Vanquished Creatures
  A hound (D:2)
  2 adders (D:2)
  A white imp (D:2)
  2 worms (D:2)
  3 dart slugs (D:2)
  2 leopard geckos
  2 ball pythons
  6 bats
  A giant cockroach (D:2)
  3 goblins
  4 hobgoblins
  4 frilled lizards
  6 kobolds
37 creatures vanquished.

Notes
Turn   | Place    | Note
-------+----------+-------------------------------------------
     0 | D:1      | Morbidden the Troll Artificer began the quest for the Orb.
     0 | D:1      | Reached XP level 1. HP: 18/18 MP: 0/0
    38 | D:1      | Reached skill level 2 in Dodging
   315 | D:1      | Reached XP level 2. HP: 26/26 MP: 1/1
   505 | D:1      | Reached skill level 1 in Fighting
   934 | D:2      | Reached XP level 3. HP: 16/33 MP: 2/2
  1048 | D:2      | Reached XP level 4. HP: 36/41 MP: 3/3
  1386 | D:2      | Reached skill level 3 in Dodging
  1391 | D:2      | Found a shimmering blue altar of Sif Muna.
  1553 | D:2      | Reached skill level 1 in Unarmed Combat
  1783 | D:2      | Found a runed translucent door.
  1784 | D:2      | Noticed Crazy Yiuf
  1963 | D:2      | Slain by Crazy Yiuf

Illustrated notes

Levels and vault maps discovered:
D:1:      enne_arrival_octagon_isle, layout_basic
D:2:      cheibrodos_helix_gallery, layout_basic, led_sif_pool,
          uniq_crazy_yiuf_cottage

Skill      XL: |  1  2  3  4 |
---------------+-------------+-----
Dodging        | 2 3 |  3.2
Fighting       | 1 |  1.5
Unarmed Combat | 1 |  1.1
Stealth        | |  0.4
Spellcasting   | |  0.4
Evocations     | |  2.4

Action                   |  1- 3 |  4- 6 || total
-------------------------+-------+-------++-------
Melee: Unarmed           |    90 |    54 ||   144
Evoke: Wand              |     2 |       ||     2
Armor: Robe              |    41 |    13 ||    54
Dodge: Dodged            |    81 |    12 ||    93

Table legend: (Time is in decaauts)
 A = Elapsed time spent in this place.
 B = Non-inter-level travel time spent in this place.
 C = Inter-level travel time spent in this place.
 D = Time resting spent in this place.
 E = Time spent auto-exploring this place.
 F = Levels seen in this place.
 G = Mean time per level.
                   A        B        C        D        E       F      G
               +--------+--------+--------+--------+--------+-----+--------+
         Total |   1962 |   1922 |     40 |      0 |   1624 |   2 |  981.0 |
       Dungeon |   1962 |   1922 |     40 |      0 |   1624 |   2 |  981.0 |
               +--------+--------+--------+--------+--------+-----+--------+

Top non-repeatable levels by time:
     D:2: 1137 daAuts
     D:1: 825 daAuts
